3333 views
Uploaded 2020-05-03 23:20:45
Game version 1.32.4 / 1.32.5
16:44 long 4on4 ladder game on (8)Deadlock_LV
Saved by Brunt
3333 views
Uploaded 2020-05-03 23:20:45
Game version 1.32.4 / 1.32.5
16:44 long 4on4 ladder game on (8)Deadlock_LV


151 units @ 18.9k
/ 1.9k
59 buildings @ 9.3k
/ 3.4k


| Scroll of Regeneration | 1 | 100 |
| total: | 1 | 100g |
| Wisp | 24 | 1440 | / | 0 |
| Archer | 19 | 2470 | / | 190 |
| Hippogryph | 19 | 3040 | / | 380 |
| total: | 62 | 6950g | / | 570w |
| Altar of Elders | 1 | 180 | / | 50 |
| Moon Well | 6 | 1080 | / | 240 |
| Ancient of War | 1 | 150 | / | 60 |
| Hunter's Hall | 1 | 210 | / | 100 |
| Ancient of Wonders | 1 | 90 | / | 30 |
| Tree of Life | 1 | 340 | / | 185 |
| Ancient of Wind | 1 | 150 | / | 140 |
| Tree of Ages | 1 | 320 | / | 180 |
| Tree of Eternity | 1 | 330 | / | 200 |
| total: | 12 | 2200g | / | 805w |
| 0:04 | Wisp |
| 0:04 | Wisp |
| 0:13 | Altar of Elders |
| 0:19 | Moon Well |
| 0:23 | Ancient of War |
| 0:32 | Wisp |
| 0:32 | Wisp |
| 0:47 | Wisp |
| 0:48 | Wisp |
| 1:05 | Wisp |
| 1:07 | Wisp |
| 1:24 | Archer |
| 1:37 | Moon Well |
| 1:44 | Archer |
| 2:13 | Force of Nature |
| 2:30 | Moon Well |
| 2:32 | Archer |
| 2:32 | Archer |
| 2:35 | Wisp |
| 2:35 | Wisp |
| 2:39 | Wisp |
| 3:10 | Tree of Ages |
| 3:40 | Hunter's Hall |
| 3:45 | Ancient of Wonders |
| 4:35 | Archer |
| 5:22 | Entangling Roots |
| 5:36 | Wisp |
| 5:36 | Wisp |
| 5:37 | Wisp |
| 5:43 | Moon Well |
| 5:47 | Ancient of Wind |
| 6:34 | Trueshot Aura |
| 6:45 | Wisp |
| 6:45 | Wisp |
| 6:59 | Moon Well |
| 7:04 | Tree of Life |
| 7:30 | Wisp |
| 7:35 | Hippogryph |
| 7:35 | Hippogryph |
| 7:35 | Hippogryph |
| 7:35 | Hippogryph |
| 7:44 | Thorns Aura |
| 7:54 | Moon Well |
| 8:02 | Archer |
| 8:21 | Hippogryph |
| 9:02 | Tree of Eternity |
| 9:43 | Archer |
| 9:43 | Archer |
| 9:43 | Archer |
| 10:00 | Scout |
| 10:28 | Hippogryph |
| 10:28 | Hippogryph |
| 10:29 | Archer |
| 10:29 | Archer |
| 10:33 | Wisp |
| 10:52 | Hippogryph |
| 10:55 | Wisp |
| 10:55 | Wisp |
| 11:28 | Scroll of Regeneration |
| 11:35 | Wisp |
| 11:35 | Wisp |
| 11:35 | Wisp |
| 11:40 | Hippogryph |
| 11:55 | Archer |
| 11:55 | Marksmanship |
| 12:07 | Thorns Aura |
| 12:21 | Hippogryph |
| 12:38 | Hippogryph |
| 12:40 | Archer |
| 12:40 | Archer |
| 12:56 | Hippogryph |
| 13:02 | Wisp |
| 13:45 | Trueshot Aura |
| 14:00 | Archer |
| 14:00 | Archer |
| 14:01 | Archer |
| 14:02 | Hippogryph |
| 14:02 | Hippogryph |
| 14:02 | Hippogryph |
| 14:56 | Hippogryph |
| 14:56 | Hippogryph |
| 14:58 | Archer |
| 14:58 | Archer |
| 14:59 | Improved Bows |
| 15:00 | Moon Armor |
| 15:00 | Strength of the Moon |
| 15:01 | Ultravision |
| 15:27 | Hippogryph |
| 15:27 | Hippogryph |
| 15:30 | Well Spring |
| Select group | 636 |
| Right click | 566 |
| Select | 206 |
| Build/train/purchase | 96 |
| Assign group | 23 |
| Use ability | 23 |
| Misc. action | 10 |
| Chat | 7 |


| Lesser Clarity Potion | 4 | 280 |
| Healing Salve | 2 | 200 |
| Scroll of Speed | 2 | 100 |
| Orb of Lightning | 1 | 375 |
| total: | 9 | 955g |
| Peon | 8 | 600 | / | 0 |
| Troll Headhunter | 6 | 840 | / | 120 |
| Shaman | 6 | 780 | / | 120 |
| Spirit Walker | 2 | 390 | / | 70 |
| Troll Witch Doctor | 3 | 435 | / | 75 |
| Troll Berserker | 4 | 560 | / | 80 |
| total: | 29 | 3605g | / | 465w |
| Watch Tower | 1 | 110 | / | 80 |
| Altar of Storms | 1 | 180 | / | 50 |
| Orc Burrow | 6 | 960 | / | 240 |
| Voodoo Lounge | 1 | 130 | / | 30 |
| War Mill | 1 | 205 | / | 0 |
| Barracks | 1 | 180 | / | 50 |
| Spirit Lodge | 1 | 150 | / | 150 |
| Tauren Totem | 1 | 135 | / | 155 |
| Stronghold | 1 | 315 | / | 190 |
| Fortress | 1 | 325 | / | 190 |
| total: | 13 | 2050g | / | 755w |
| 0:03 | Peon |
| 0:03 | Peon |
| 0:03 | Peon |
| 0:09 | Altar of Storms |
| 0:21 | Orc Burrow |
| 0:32 | Peon |
| 0:51 | Voodoo Lounge |
| 0:59 | Peon |
| 1:12 | War Mill |
| 1:25 | Peon |
| 1:36 | Peon |
| 1:47 | Orc Burrow |
| 1:53 | Peon |
| 2:18 | Barracks |
| 2:20 | Feral Spirit |
| 3:23 | Lesser Clarity Potion |
| 3:24 | Healing Salve |
| 3:24 | Scroll of Speed |
| 3:31 | Watch Tower |
| 3:35 | Stronghold |
| 3:50 | Orc Burrow |
| 4:46 | Orc Burrow |
| 4:50 | Troll Headhunter |
| 4:50 | Troll Headhunter |
| 5:19 | Troll Headhunter |
| 5:47 | Chain Lighting |
| 5:52 | Troll Headhunter |
| 6:02 | Spirit Lodge |
| 6:05 | Fortress |
| 6:43 | Steel Ranged Weapons |
| 7:11 | Troll Headhunter |
| 7:13 | Troll Headhunter |
| 7:25 | Tauren Totem |
| 7:26 | Shaman Adept Training |
| 7:41 | Shaman |
| 7:41 | Shaman |
| 7:42 | Shaman |
| 8:30 | Berserker Upgrade |
| 8:51 | Orc Burrow |
| 8:56 | Shaman Master Training |
| 9:07 | Spirit Walker |
| 9:07 | Spirit Walker |
| 9:27 | Chain Lighting |
| 10:40 | Shaman |
| 10:40 | Troll Witch Doctor |
| 10:41 | Troll Witch Doctor |
| 11:35 | Pulverize |
| 11:38 | Spirit Walker Adept Training |
| 11:40 | Feral Spirit |
| 11:54 | Orc Burrow |
| 12:01 | Troll Berserker |
| 12:01 | Troll Berserker |
| 12:01 | Troll Berserker |
| 12:01 | Troll Berserker |
| 12:10 | Orb of Lightning |
| 12:10 | Lesser Clarity Potion |
| 12:11 | Scroll of Speed |
| 12:14 | Lesser Clarity Potion |
| 12:24 | Troll Witch Doctor |
| 12:36 | Witch Doctor Adept Training |
| 12:49 | Healing Salve |
| 12:49 | Lesser Clarity Potion |
| 13:05 | Serpent Ward |
| 14:59 | Witch Doctor Master Training |
| 15:07 | Shaman |
| 15:49 | Shaman |
| Right click | 550 |
| Select group | 247 |
| Select | 242 |
| Build/train/purchase | 69 |
| Use ability | 27 |
| Assign group | 25 |
| Misc. action | 6 |
| Item give/drop | 1 |
| Remove unit | 1 |


| Rod of Necromancy | 1 | 150 |
| Potion of Healing | 1 | 150 |
| Potion of Mana | 1 | 200 |
| Orb of Corruption | 1 | 375 |
| Scroll of Town Portal | 2 | 700 |
| Scroll of Healing | 1 | 250 |
| Potion of Lesser Invulnerability | 1 | 150 |
| total: | 8 | 1975g |
| Acolyte | 8 | 600 | / | 0 |
| Ghoul | 9 | 1080 | / | 0 |
| Crypt Fiend | 16 | 3440 | / | 640 |
| total: | 33 | 5120g | / | 640w |
| Spirit Tower | 3 | 435 | / | 120 |
| Crypt | 2 | 400 | / | 100 |
| Graveyard | 2 | 430 | / | 0 |
| Ziggurat | 8 | 1200 | / | 400 |
| Altar of Darkness | 1 | 180 | / | 50 |
| Tomb of Relics | 1 | 130 | / | 30 |
| Necropolis | 1 | 225 | / | 0 |
| Sacrificial Pit | 1 | 75 | / | 150 |
| Boneyard | 1 | 175 | / | 200 |
| Halls of the Dead | 1 | 320 | / | 210 |
| Black Citadel | 1 | 325 | / | 230 |
| total: | 17 | 2815g | / | 930w |
| 0:05 | Acolyte |
| 0:05 | Acolyte |
| 0:12 | Crypt |
| 0:16 | Graveyard |
| 0:20 | Graveyard |
| 0:41 | Ziggurat |
| 1:08 | Altar of Darkness |
| 1:15 | Ghoul |
| 1:32 | Tomb of Relics |
| 1:35 | Ghoul |
| 1:35 | Ghoul |
| 1:35 | Ghoul |
| 1:51 | Ghoul |
| 2:03 | Ziggurat |
| 2:16 | Ghoul |
| 2:57 | Crypt Fiend |
| 3:00 | Creature Attack |
| 3:09 | Rod of Necromancy |
| 3:14 | Death Coil |
| 3:35 | Crypt Fiend |
| 4:02 | Crypt Fiend |
| 4:28 | Unholy Aura |
| 5:03 | Crypt Fiend |
| 5:14 | Acolyte |
| 5:15 | Acolyte |
| 5:36 | Ziggurat |
| 5:44 | Necropolis |
| 5:56 | Death Coil |
| 6:19 | Halls of the Dead |
| 6:20 | Creature Carapace |
| 7:00 | Crypt Fiend |
| 7:33 | Crypt Fiend |
| 7:38 | Acolyte |
| 7:38 | Acolyte |
| 7:39 | Acolyte |
| 7:40 | Ziggurat |
| 7:41 | Ziggurat |
| 8:17 | Crypt Fiend |
| 8:30 | Crypt Fiend |
| 8:37 | Spirit Tower |
| 8:40 | Ziggurat |
| 8:41 | Ziggurat |
| 8:47 | Burrow |
| 9:14 | Web |
| 9:42 | Potion of Healing |
| 9:46 | Potion of Mana |
| 9:59 | Crypt Fiend |
| 10:44 | Crypt Fiend |
| 10:46 | Crypt |
| 10:48 | Improved Creature Attack |
| 10:48 | Improved Creature Carapace |
| 11:13 | Crypt Fiend |
| 11:32 | Black Citadel |
| 11:35 | Sacrificial Pit |
| 11:37 | Ghoul |
| 11:42 | Spirit Tower |
| 11:53 | Ghoul |
| 11:58 | Ghoul |
| 12:00 | Scroll of Town Portal |
| 12:20 | Crypt Fiend |
| 12:33 | Acolyte |
| 12:37 | Ziggurat |
| 12:40 | Spirit Tower |
| 12:44 | Potion of Lesser Invulnerability |
| 12:46 | Scroll of Healing |
| 12:55 | Crypt Fiend |
| 13:13 | Frost Nova |
| 13:13 | Frost Nova |
| 14:00 | Crypt Fiend |
| 14:26 | Crypt Fiend |
| 14:51 | Boneyard |
| 14:54 | Advanced Creature Attack |
| 14:57 | Orb of Corruption |
| 14:58 | Scroll of Town Portal |
| 15:30 | Crypt Fiend |
| 15:33 | Advanced Creature Carapace |
| 15:43 | Devotion Aura |
| Right click | 615 |
| Select | 265 |
| Select group | 155 |
| Build/train/purchase | 92 |
| Assign group | 27 |
| Use ability | 26 |
| Remove unit | 5 |
| Minimap ping | 5 |
| Misc. action | 4 |
| Chat | 4 |
| Item give/drop | 1 |


| Scroll of Regeneration | 1 | 100 |
| Scroll of Town Portal | 1 | 350 |
| total: | 2 | 450g |
| Peasant | 15 | 1125 | / | 0 |
| Footman | 5 | 675 | / | 0 |
| Rifleman | 7 | 1435 | / | 210 |
| total: | 27 | 3235g | / | 210w |
| Scout Tower | 3 | 90 | / | 60 |
| Arcane Tower | 2 | 140 | / | 100 |
| Guard Tower | 1 | 70 | / | 50 |
| Altar of Kings | 1 | 180 | / | 50 |
| Farm | 6 | 480 | / | 120 |
| Barracks | 1 | 160 | / | 60 |
| Lumber Mill | 1 | 120 | / | 0 |
| Blacksmith | 1 | 140 | / | 60 |
| Town Hall | 2 | 770 | / | 410 |
| Arcane Vault | 1 | 130 | / | 30 |
| Arcane Sanctum | 1 | 150 | / | 140 |
| Keep | 1 | 320 | / | 210 |
| Castle | 1 | 360 | / | 210 |
| total: | 17 | 2220g | / | 930w |
| 0:07 | Altar of Kings |
| 0:09 | Farm |
| 0:14 | Peasant |
| 0:14 | Peasant |
| 0:15 | Peasant |
| 0:47 | Barracks |
| 0:58 | Farm |
| 1:08 | Peasant |
| 1:08 | Peasant |
| 1:09 | Peasant |
| 1:34 | Farm |
| 1:52 | Lumber Mill |
| 2:02 | Scout Tower |
| 2:10 | Summon Water Elemental |
| 2:12 | Footman |
| 2:12 | Footman |
| 2:13 | Footman |
| 2:33 | Arcane Tower |
| 2:40 | Scout Tower |
| 2:47 | Peasant |
| 2:47 | Peasant |
| 2:47 | Peasant |
| 3:04 | Blacksmith |
| 3:28 | Defend |
| 3:30 | Footman |
| 3:40 | Arcane Tower |
| 3:46 | Scout Tower |
| 4:23 | Footman |
| 4:24 | Rifleman |
| 4:28 | Rifleman |
| 5:18 | Guard Tower |
| 5:20 | Keep |
| 5:23 | Black Gunpowder |
| 5:57 | Brilliance Aura |
| 6:17 | Town Hall |
| 6:20 | Rifleman |
| 6:26 | Farm |
| 6:30 | Farm |
| 8:30 | Rifleman |
| 8:30 | Rifleman |
| 8:30 | Rifleman |
| 8:49 | Arcane Vault |
| 8:58 | Castle |
| 9:36 | Scroll of Regeneration |
| 9:38 | Scroll of Town Portal |
| 9:56 | Summon Water Elemental |
| 10:21 | Thunder Clap |
| 11:17 | Storm Bolt |
| 11:26 | Arcane Sanctum |
| 11:37 | Improved Masonry |
| 11:41 | Peasant |
| 11:41 | Peasant |
| 11:41 | Peasant |
| 11:42 | Peasant |
| 11:42 | Peasant |
| 11:42 | Peasant |
| 11:52 | Town Hall |
| 12:24 | Rifleman |
| 12:25 | Long Rifles |
| 12:29 | Farm |
| Right click | 300 |
| Select | 114 |
| Build/train/purchase | 61 |
| Select group | 56 |
| Assign group | 21 |
| Use ability | 4 |
130 units @ 17.3k
/ 1.7k
58 buildings @ 9k
/ 3.4k


| Healing Salve | 6 | 600 |
| Scroll of Speed | 4 | 200 |
| Lesser Clarity Potion | 3 | 210 |
| Orb of Lightning | 1 | 375 |
| Scroll of Town Portal | 3 | 1050 |
| total: | 17 | 2435g |
| Peon | 21 | 1575 | / | 0 |
| Troll Headhunter | 23 | 3220 | / | 460 |
| Shaman | 6 | 780 | / | 120 |
| total: | 50 | 5575g | / | 580w |
| Watch Tower | 2 | 220 | / | 160 |
| Altar of Storms | 1 | 180 | / | 50 |
| Orc Burrow | 5 | 800 | / | 200 |
| War Mill | 1 | 205 | / | 0 |
| Barracks | 2 | 360 | / | 100 |
| Voodoo Lounge | 1 | 130 | / | 30 |
| Great Hall | 1 | 385 | / | 185 |
| Spirit Lodge | 1 | 150 | / | 150 |
| Stronghold | 2 | 630 | / | 380 |
| Fortress | 2 | 650 | / | 380 |
| total: | 14 | 2430g | / | 875w |
| 0:05 | Peon |
| 0:05 | Peon |
| 0:09 | Altar of Storms |
| 0:19 | Orc Burrow |
| 0:31 | Peon |
| 0:37 | War Mill |
| 0:48 | Peon |
| 1:07 | Barracks |
| 1:15 | Peon |
| 1:15 | Peon |
| 1:26 | Peon |
| 1:46 | Orc Burrow |
| 2:07 | Troll Headhunter |
| 2:07 | Troll Headhunter |
| 2:08 | Troll Headhunter |
| 2:20 | Voodoo Lounge |
| 2:34 | War Stomp |
| 2:46 | Troll Headhunter |
| 3:07 | Troll Headhunter |
| 3:07 | Troll Headhunter |
| 3:10 | Peon |
| 3:10 | Peon |
| 3:11 | Peon |
| 3:14 | Peon |
| 3:14 | Peon |
| 3:30 | Healing Salve |
| 3:57 | Troll Headhunter |
| 4:23 | Great Hall |
| 4:44 | Endurance Aura |
| 4:47 | Stronghold |
| 4:54 | Healing Salve |
| 4:54 | Scroll of Speed |
| 5:09 | Orc Burrow |
| 5:42 | Steel Ranged Weapons |
| 5:53 | War Stomp |
| 5:56 | Steel Armor |
| 6:08 | Troll Headhunter |
| 6:11 | Healing Salve |
| 6:11 | Healing Salve |
| 6:16 | Lesser Clarity Potion |
| 6:26 | Troll Headhunter |
| 6:49 | Troll Headhunter |
| 6:56 | Orc Burrow |
| 7:10 | Peon |
| 7:10 | Peon |
| 7:25 | Peon |
| 7:26 | Peon |
| 7:26 | Peon |
| 7:26 | Peon |
| 8:49 | Troll Headhunter |
| 8:49 | Troll Headhunter |
| 8:52 | Orc Burrow |
| 8:54 | Reinforced Defenses |
| 9:04 | Spirit Lodge |
| 9:07 | Thorium Armor |
| 9:07 | Arcanite Armor |
| 9:11 | Lesser Clarity Potion |
| 9:19 | Peon |
| 9:19 | Peon |
| 9:32 | Scroll of Town Portal |
| 9:36 | Scroll of Speed |
| 9:39 | Troll Regeneration |
| 9:50 | Peon |
| 9:53 | Watch Tower |
| 9:54 | Watch Tower |
| 9:58 | Hex |
| 10:01 | Healing Salve |
| 10:16 | Spiked Barricades |
| 10:17 | Thorium Ranged Weapons |
| 10:18 | Arcanite Ranged Weapons |
| 10:24 | Troll Headhunter |
| 10:32 | Fortress |
| 11:15 | Troll Headhunter |
| 11:15 | Troll Headhunter |
| 11:20 | Endurance Aura |
| 11:26 | Shaman Adept Training |
| 11:28 | Barracks |
| 11:35 | Scroll of Town Portal |
| 11:36 | Scroll of Speed |
| 12:00 | Troll Headhunter |
| 12:00 | Troll Headhunter |
| 12:00 | Troll Headhunter |
| 12:21 | Troll Headhunter |
| 12:31 | Troll Headhunter |
| 12:43 | Troll Headhunter |
| 12:52 | Shaman Master Training |
| 13:02 | Troll Headhunter |
| 13:53 | Healing Wave |
| 13:53 | Healing Wave |
| 14:11 | Troll Headhunter |
| 14:11 | Berserker Upgrade |
| 14:14 | Shaman |
| 14:14 | Shaman |
| 14:14 | Shaman |
| 14:22 | Healing Wave |
| 14:56 | Scroll of Town Portal |
| 14:59 | Orb of Lightning |
| 15:02 | Lesser Clarity Potion |
| 15:04 | Healing Salve |
| 15:10 | Scroll of Speed |
| 15:27 | War Stomp |
| 15:43 | Shaman |
| 15:43 | Shaman |
| 15:44 | Shaman |
| 16:34 | Hex |
| Right click | 1022 |
| Select group | 642 |
| Select | 433 |
| Build/train/purchase | 159 |
| Misc. action | 122 |
| Chat | 90 |
| Use ability | 35 |
| Assign group | 28 |
| Resource trade | 7 |
| Remove unit | 6 |
| Minimap ping | 3 |
| Item give/drop | 2 |


| Ivory Tower | 2 | 80 |
| Staff of Sanctuary | 1 | 250 |
| Scroll of Town Portal | 2 | 700 |
| total: | 5 | 1030g |
| Peasant | 13 | 975 | / | 0 |
| Footman | 4 | 540 | / | 0 |
| Rifleman | 9 | 1845 | / | 270 |
| Priest | 4 | 540 | / | 40 |
| Knight | 1 | 245 | / | 60 |
| total: | 31 | 4145g | / | 370w |
| Guard Tower | 2 | 140 | / | 100 |
| Altar of Kings | 1 | 180 | / | 50 |
| Farm | 7 | 560 | / | 140 |
| Barracks | 2 | 320 | / | 120 |
| Town Hall | 1 | 385 | / | 205 |
| Arcane Vault | 2 | 260 | / | 60 |
| Blacksmith | 1 | 140 | / | 60 |
| Lumber Mill | 1 | 120 | / | 0 |
| Arcane Sanctum | 3 | 450 | / | 420 |
| Keep | 1 | 320 | / | 210 |
| Castle | 1 | 360 | / | 210 |
| total: | 18 | 2415g | / | 1055w |
| 0:01 | Peasant |
| 0:04 | Altar of Kings |
| 0:09 | Peasant |
| 0:18 | Farm |
| 0:23 | Barracks |
| 0:25 | Peasant |
| 0:38 | Peasant |
| 0:49 | Farm |
| 0:51 | Peasant |
| 1:04 | Peasant |
| 1:19 | Peasant |
| 1:27 | Footman |
| 1:41 | Peasant |
| 1:44 | Footman |
| 2:00 | Peasant |
| 2:05 | Farm |
| 2:08 | Summon Water Elemental |
| 2:20 | Peasant |
| 3:22 | Brilliance Aura |
| 3:47 | Town Hall |
| 3:57 | Peasant |
| 3:57 | Peasant |
| 3:58 | Peasant |
| 4:03 | Footman |
| 5:01 | Keep |
| 5:04 | Farm |
| 5:07 | Farm |
| 5:13 | Arcane Vault |
| 5:15 | Arcane Vault |
| 5:21 | Blacksmith |
| 5:23 | Footman |
| 5:45 | Barracks |
| 5:47 | Lumber Mill |
| 6:24 | Farm |
| 6:25 | Farm |
| 6:31 | Summon Water Elemental |
| 6:36 | Rifleman |
| 6:37 | Black Gunpowder |
| 7:04 | Rifleman |
| 7:39 | Arcane Sanctum |
| 7:42 | Arcane Sanctum |
| 7:44 | Arcane Sanctum |
| 7:46 | Studded Leather Armor |
| 7:48 | Rifleman |
| 8:18 | Long Rifles |
| 9:00 | Holy Light |
| 9:05 | Priest |
| 9:05 | Priest Adept Training |
| 9:19 | Rifleman |
| 9:32 | Brilliance Aura |
| 9:39 | Rifleman |
| 10:29 | Rifleman |
| 10:30 | Priest |
| 10:32 | Castle |
| 10:35 | Scroll of Town Portal |
| 10:41 | Ivory Tower |
| 10:46 | Rifleman |
| 10:50 | Priest |
| 11:07 | Refined Gunpowder |
| 11:07 | Reinforced Leather Armor |
| 11:42 | Devotion Aura |
| 12:20 | Dragonhide Armor |
| 12:25 | Rifleman |
| 13:39 | Holy Light |
| 13:49 | Summon Water Elemental |
| 14:00 | Guard Tower |
| 14:36 | Rifleman |
| 14:37 | Priest |
| 14:37 | Priest Master Training |
| 14:54 | Sundering Blades |
| 14:55 | Animal War Training |
| 14:58 | Improved Masonry |
| 15:02 | Scroll of Town Portal |
| 15:02 | Staff of Sanctuary |
| 15:03 | Ivory Tower |
| 15:27 | Knight |
| 15:41 | Imbued Gunpowder |
| 16:03 | Guard Tower |
| Right click | 502 |
| Select group | 475 |
| Select | 298 |
| Chat | 98 |
| Build/train/purchase | 81 |
| Assign group | 42 |
| Misc. action | 41 |
| Use ability | 29 |
| Item give/drop | 4 |
| Minimap ping | 1 |

| Lesser Clarity Potion | 2 | 140 |
| Healing Salve | 7 | 700 |
| Scroll of Speed | 2 | 100 |
| The Lion Horn of Stormwind | 1 | 400 |
| total: | 12 | 1340g |
| Peon | 6 | 450 | / | 0 |
| Grunt | 13 | 2600 | / | 0 |
| total: | 19 | 3050g | / | 0w |
| Barracks | 2 | 360 | / | 100 |
| Altar of Storms | 2 | 360 | / | 100 |
| Orc Burrow | 4 | 640 | / | 160 |
| Voodoo Lounge | 1 | 130 | / | 30 |
| War Mill | 1 | 205 | / | 0 |
| Stronghold | 1 | 315 | / | 190 |
| Fortress | 1 | 325 | / | 190 |
| total: | 10 | 1695g | / | 390w |
| 0:08 | Barracks |
| 0:11 | Altar of Storms |
| 0:18 | Orc Burrow |
| 0:23 | Altar of Storms |
| 0:40 | Peon |
| 0:51 | Peon |
| 1:24 | Peon |
| 1:25 | Peon |
| 1:26 | Peon |
| 1:27 | Peon |
| 1:52 | Grunt |
| 2:39 | Orc Burrow |
| 2:42 | Orc Burrow |
| 2:52 | Feral Spirit |
| 3:03 | Voodoo Lounge |
| 3:09 | Barracks |
| 5:07 | Orc Burrow |
| 5:12 | War Mill |
| 5:18 | Grunt |
| 5:19 | Grunt |
| 6:01 | Grunt |
| 6:15 | Lesser Clarity Potion |
| 6:15 | Lesser Clarity Potion |
| 6:15 | Healing Salve |
| 6:25 | Healing Salve |
| 6:25 | Healing Salve |
| 6:25 | Healing Salve |
| 6:25 | Healing Salve |
| 6:45 | Steel Melee Weapons |
| 7:12 | Far Sight |
| 7:30 | Pillage |
| 7:35 | Grunt |
| 7:38 | Steel Armor |
| 8:25 | Healing Salve |
| 8:26 | Scroll of Speed |
| 10:15 | Feral Spirit |
| 10:48 | Grunt |
| 10:48 | Grunt |
| 10:48 | Grunt |
| 10:49 | Stronghold |
| 11:53 | The Lion Horn of Stormwind |
| 12:46 | Grunt |
| 12:51 | Healing Salve |
| 12:52 | Scroll of Speed |
| 12:59 | Grunt |
| 13:20 | Fortress |
| 13:23 | Thorium Melee Weapons |
| 13:32 | Berserker Strength |
| 14:41 | Thorium Armor |
| 14:49 | Chain Lighting |
| 16:40 | Grunt |
| 16:41 | Grunt |
| 16:42 | Grunt |
| Right click | 235 |
| Select | 146 |
| Chat | 104 |
| Select group | 74 |
| Build/train/purchase | 58 |
| Misc. action | 19 |
| Assign group | 16 |
| Use ability | 16 |
| Minimap ping | 5 |
| Remove unit | 2 |
| Item give/drop | 1 |


| Healing Salve | 2 | 200 |
| Lesser Clarity Potion | 2 | 140 |
| Scroll of Speed | 2 | 100 |
| total: | 6 | 440g |
| Peon | 11 | 825 | / | 0 |
| Wind Rider | 7 | 1855 | / | 280 |
| Troll Batrider | 11 | 1760 | / | 440 |
| Shaman | 1 | 130 | / | 20 |
| total: | 30 | 4570g | / | 740w |
| Watch Tower | 2 | 220 | / | 160 |
| Altar of Storms | 2 | 360 | / | 100 |
| Orc Burrow | 6 | 960 | / | 240 |
| Voodoo Lounge | 1 | 130 | / | 30 |
| War Mill | 1 | 205 | / | 0 |
| Beastiary | 3 | 435 | / | 420 |
| Spirit Lodge | 1 | 150 | / | 150 |
| Stronghold | 2 | 630 | / | 380 |
| Fortress | 3 | 975 | / | 570 |
| total: | 16 | 2460g | / | 1100w |
| 0:05 | Peon |
| 0:06 | Peon |
| 0:14 | Altar of Storms |
| 0:16 | Altar of Storms |
| 0:20 | Orc Burrow |
| 0:27 | Peon |
| 0:45 | Voodoo Lounge |
| 0:49 | Peon |
| 1:00 | Peon |
| 1:13 | War Mill |
| 1:19 | Peon |
| 1:26 | Peon |
| 1:50 | Peon |
| 2:03 | Peon |
| 2:03 | Peon |
| 2:19 | Healing Salve |
| 2:19 | Lesser Clarity Potion |
| 2:19 | Scroll of Speed |
| 2:23 | Wind Walk |
| 2:27 | Stronghold |
| 2:38 | Watch Tower |
| 3:08 | Orc Burrow |
| 4:25 | Orc Burrow |
| 4:34 | Spiked Barricades |
| 4:53 | Beastiary |
| 4:57 | Beastiary |
| 5:06 | Beastiary |
| 5:24 | Watch Tower |
| 5:38 | Peon |
| 5:55 | Orc Burrow |
| 6:01 | Wind Rider |
| 6:06 | Critical Strike |
| 6:17 | Healing Wave |
| 6:29 | Wind Rider |
| 7:01 | Wind Rider |
| 7:30 | Wind Rider |
| 8:09 | Wind Rider |
| 8:43 | Wind Rider |
| 8:54 | Spirit Lodge |
| 10:22 | Fortress |
| 10:43 | Hex |
| 10:59 | Wind Rider |
| 11:01 | Shaman Adept Training |
| 11:05 | Orc Burrow |
| 11:21 | Troll Batrider |
| 11:41 | Troll Batrider |
| 11:44 | Healing Salve |
| 11:44 | Lesser Clarity Potion |
| 11:44 | Scroll of Speed |
| 11:55 | Troll Batrider |
| 12:06 | Troll Batrider |
| 12:16 | Troll Batrider |
| 12:30 | Troll Batrider |
| 12:47 | Liquid Fire |
| 12:48 | Troll Batrider |
| 12:59 | Shaman Master Training |
| 13:46 | Troll Batrider |
| 13:50 | Critical Strike |
| 14:33 | Healing Wave |
| 14:47 | Troll Batrider |
| 15:04 | Steel Ranged Weapons |
| 15:11 | Troll Batrider |
| 15:14 | Orc Burrow |
| 15:19 | Shaman |
| 16:17 | Wind Walk |
| 16:20 | Troll Batrider |
| 16:39 | Hex |
| Right click | 1292 |
| Select group | 713 |
| Select | 260 |
| Build/train/purchase | 104 |
| Misc. action | 81 |
| Assign group | 62 |
| Use ability | 50 |
| Chat | 17 |
| Minimap ping | 6 |
| Esc | 4 |
| Item give/drop | 1 |
⇛